[Event "Team 45 45 League T62"]
[Site "Internet Chess Club"]
[Date "2014.09.10"]
[Round "3"]
[White "JRussell2"]
[Black "seattleblues"]
[Result "0-1"]
[WhiteElo "1336"]
[BlackElo "1430"]
[Opening "Bird's opening"]
[ECO "A03"]
[Time "15:30:35"]
[TimeControl "2700+45"]

1. f4 d5 2. Nf3 Nf6 3. e3 Bg4 4. Be2 e6 5. O-O Bd6 6. b3 O-O 7. Bb2 Nbd7 8. Nc3
Re8 9. d3 c6 10. h3 Bh5 11. g4 Bg6 12. Nh4 Nf8 13. Nxg6 Nxg6 14. f5 exf5 15.
Rxf5 Rxe3 16. Bf1 Rg3+ 17. Kf2 Qb6+ 18. Ke2 Qe3# {White checkmated} 0-1

[Event "Team 45 45 League T62"]
[Site "Internet Chess Club"]
[Date "2014.09.21"]
[Round "3"]
[White "John3v16"]
[Black "KnightOfLight"]
[Result "0-1"]
[WhiteElo "1667"]
[BlackElo "1639"]
[Opening "Queen's pawn game, Krause variation"]
[ECO "D02"]
[Time "08:02:58"]
[TimeControl "2700+45"]

1. d4 d5 2. Nf3 c5 3. Bf4 Nc6 4. e3 a6 5. Nbd2 Bg4 6. c3 Qa5 7. Nb3 Qa4 8. Nxc5
Qxd1+ 9. Rxd1 e5 10. Bg3 e4 11. h3 Bh5 12. Ne5 Bxd1 13. Kxd1 Bxc5 14. dxc5 f6
15. Ng4 h5 16. Nh2 Nge7 17. Be2 Nf5 18. Bc7 Nh4 19. Kc2 Kd7 20. Bb6 Ne5 21. b3
Kc6 22. a4 Nd7 23. a5 Nxc5 24. g4 Nd7 25. Bd4 Ng6 26. gxh5 Ne7 27. Bg4 Nc5 28.
Nf1 Nd3 29. Rh2 Rh7 30. Ng3 Rf8 31. f4 f5 32. Be2 Nc5 33. b4 Ne6 34. Be5 g6 35.
hxg6 Nxg6 36. Bd4 Nxd4+ 37. cxd4 Kd6 38. Kb2 Ke6 39. Bd1 Rfh8 40. Rg2 Nh4 41.
Rc2 Nf3 42. Nf1 Rxh3 43. Rc7 R8h7 44. Rc8 Rh1 45. Be2 Ng1 46. Bd1 Nh3 47. Be2
Nf2 48. Rg8 Nd3+ 49. Kc3 Nc1 50. Bxa6 bxa6 51. Nd2 Rc7+ 52. Kb2 Rh2 53. Rg6+ Kf7
{White resigns} 0-1

[Event "Team 45 45 League T62"]
[Site "Internet Chess Club"]
[Date "2014.09.11"]
[Round "3"]
[White "Betamax"]
[Black "noblitz-oblige"]
[Result "0-1"]
[WhiteElo "1578"]
[BlackElo "1660"]
[Opening "Ruy Lopez: closed, Averbach variation"]
[ECO "C87"]
[Time "12:00:34"]
[TimeControl "2700+45"]

1. e4 e5 2. Nf3 Nc6 3. Bb5 a6 4. Ba4 Nf6 5. O-O Be7 6. Re1 d6 7. h3 O-O 8. c3
Nd7 9. d4 f6 10. Nbd2 b5 11. Bb3+ Kh8 12. Bd5 Bb7 13. Nh4 Qe8 14. Qg4 Nb6 15.
Be6 exd4 16. Bf5 Ne5 17. Qg3 dxc3 18. bxc3 g6 19. Be6 a5 20. f4 Ned7 21. a3 Nc5
22. Ba2 Rd8 23. e5 dxe5 24. fxe5 Nd3 25. exf6 Nxe1 26. f7 Qc6 27. Qxe1 Bxh4 28.
c4 {White resigns} 0-1

[Event "Team 45 45 League T62"]
[Site "Internet Chess Club"]
[Date "2014.09.13"]
[Round "3"]
[White "arconia"]
[Black "lemanofzorn"]
[Result "0-1"]
[WhiteElo "1287"]
[BlackElo "1526"]
[Opening "Caro-Kann defense"]
[ECO "B10"]
[Time "19:02:05"]
[TimeControl "2700+45"]

1. e4 c6 2. Nf3 d5 3. e5 Bg4 4. d4 e6 5. Be2 Bb4+ 6. c3 Ba5 7. O-O Ne7 8. Bg5 h6
9. Bh4 g5 10. Bg3 Nf5 11. Nbd2 Nd7 12. h3 Nxg3 13. fxg3 Bf5 14. Nh2 O-O 15. Ng4
Kg7 16. Nf3 Bxg4 17. hxg4 Bb6 18. Qd2 f6 19. Kf2 Nxe5 20. Nxe5 fxe5+ 21. Kg1
exd4 22. cxd4 Rxf1+ 23. Rxf1 Qd6 24. Qc3 e5 25. Qd3 Bxd4+ 26. Kh2 Bb6 27. Bd1 e4
28. Qc3+ d4 29. Qc4 Qd5 30. Qe2 d3 31. Qd2 e3 32. Qc3+ Qd4 33. Qb3 e2 34. Qf7+
Kh8 35. Qg6 exf1=Q 36. Qxh6+ Kg8 37. Bb3+ Qd5 38. Qxg5+ Kf7 39. Bxd5+ cxd5 40.
Qxd5+ Ke7 41. Qxb7+ Kd6 42. Qa6 Rh8# {White checkmated} 0-1

[Event "Team 45 45 League T62"]
[Site "Internet Chess Club"]
[Date "2014.09.14"]
[Round "3"]
[White "backrankbrawler"]
[Black "ausya"]
[Result "1-0"]
[WhiteElo "1784"]
[BlackElo "1731"]
[Opening "Trompowsky attack (Ruth, Opocenský opening)"]
[ECO "A45"]
[Time "21:00:58"]
[TimeControl "2700+45"]

1. d4 Nf6 2. Bg5 Ne4 3. Bf4 d5 4. e3 Bf5 5. Bd3 Bg6 6. c3 Nc6 7. Ne2 e6 8. Nd2
Nxf2 9. Kxf2 Bxd3 10. Qb3 Na5 11. Qa4+ c6 12. Nc1 Bb5 13. Qc2 Nc4 14. Nxc4 Bxc4
15. b3 Ba6 16. c4 Bd6 17. Bxd6 Qxd6 18. Nd3 b6 19. Rac1 O-O 20. Rhf1 Rac8 21.
Kg1 Qe7 22. Ne5 Qg5 23. Rf3 Qe7 24. Rh3 h6 25. Rf1 c5 26. Rff3 cxd4 27. exd4
dxc4 28. bxc4 Qd6 29. Qd3 f6 30. Rxh6 f5 31. Rg3 Rfd8 32. Rxg7+ Kxg7 33. Qg3+
Kf8 34. Rh8+ Ke7 35. Qg7# {Black checkmated} 1-0

[Event "Team 45 45 League T62"]
[Site "Internet Chess Club"]
[Date "2014.09.14"]
[Round "3"]
[White "anna"]
[Black "amicusUK"]
[Result "1/2-1/2"]
[WhiteElo "1792"]
[BlackElo "1658"]
[Opening "French: advance, Paulsen attack"]
[ECO "C02"]
[Time "13:30:14"]
[TimeControl "2700+45"]

1. e4 e6 2. d4 d5 3. e5 c5 4. c3 Nc6 5. Nf3 Nge7 6. a3 Nf5 7. b4 cxd4 8. cxd4
Bd7 9. Be2 a5 10. b5 Nce7 11. a4 Nc8 12. Ba3 Bxa3 13. Nxa3 Nb6 14. O-O O-O 15.
Qb3 Qe7 16. Nc2 Rfc8 17. Ne3 Rc7 18. Nxf5 exf5 19. Rfc1 Rac8 20. Rxc7 Rxc7 21.
Ne1 Qh4 22. Nf3 Qd8 23. Ne1 Qh4 {Game drawn by mutual agreement} 1/2-1/2

[Event "Team 45 45 League T62"]
[Site "Internet Chess Club"]
[Date "2014.09.13"]
[Round "3"]
[White "losscause"]
[Black "sanjay2000"]
[Result "0-1"]
[WhiteElo "1623"]
[BlackElo "1467"]
[Opening "English, Kramnik-Shirov counterattack"]
[ECO "A21"]
[Time "19:08:28"]
[TimeControl "2700+45"]

1. c4 e5 2. Nc3 Bb4 3. Nd5 Be7 4. Nxe7 Nxe7 5. e4 O-O 6. Nf3 d6 7. Be2 f5 8. d3
f4 9. b4 Bg4 10. Bb2 c5 11. bxc5 Qa5+ 12. Qd2 Qxc5 13. a4 Nd7 14. O-O Nb6 15.
Ba3 Qc7 16. a5 Nd7 17. d4 exd4 18. Nxd4 Bxe2 19. Qxe2 Rf6 20. Rfd1 a6 21. Bb2
Ne5 22. f3 Qxc4 23. Rac1 Qxe2 24. Nxe2 N7c6 25. Bc3 g5 26. Nd4 Ne7 27. Bb4 Rb8
28. Nf5 Nxf5 29. exf5 Nc6 30. Bxd6 Rd8 31. Bc7 Rxd1+ 32. Rxd1 Rxf5 33. Rb1 Rb5
34. Rxb5 axb5 35. Kf1 Kf7 36. g3 fxg3 37. hxg3 b4 38. Ke2 Nd4+ 39. Kd3 b3 40.
Be5 b2 {White resigns} 0-1

[Event "Team 45 45 League T62"]
[Site "Internet Chess Club"]
[Date "2014.09.16"]
[Round "3"]
[White "tornado100"]
[Black "stanbeers"]
[Result "1-0"]
[WhiteElo "1592"]
[BlackElo "1493"]
[Opening "Bishop's opening: Berlin defense"]
[ECO "C24"]
[Time "16:30:12"]
[TimeControl "2700+45"]

1. e4 e5 2. Bc4 Nf6 3. d3 c6 4. Nf3 d5 5. exd5 cxd5 6. Bb3 Bd6 7. O-O O-O 8. Re1
Bg4 9. h3 Bh5 10. g4 Bxg4 11. hxg4 Nxg4 12. Nc3 Qb6 13. Kg2 Qxf2+ 14. Kh1 Qg3
15. Be3 e4 16. dxe4 dxe4 17. Nxe4 Qh3+ 18. Kg1 Bh2+ 19. Nxh2 Qxh2+ 20. Kf1 Qh1+
21. Bg1 Qh3+ 22. Ke2 Nc6 23. Qd3 Qg2+ 24. Kd1 Rad8 25. Nd6 Nce5 26. Bd5 Nxd3 27.
Bxg2 Nxb2+ 28. Kc1 Rxd6 29. Kxb2 Rd2 30. Bxb7 Nf2 31. Bxf2 Rxf2 32. Bd5 Rf6 33.
Rf1 Rb6+ 34. Bb3 h6 35. Rf2 a5 36. a4 Rb7 37. Rg1 Kh8 38. Ka3 f6 39. Rf5 Ra7 40.
c4 Rd8 41. Rd1 Rb8 42. Rb5 Re8 43. Rdd5 Re3 44. Rxa5 Rae7 45. Ra8+ Kh7 46. a5 g5
47. a6 g4 48. a7 Rxa7+ 49. Rxa7+ Kg6 50. Kb2 g3 51. Bc2+ f5 {Black resigns} 1-0

[Event "Team 45 45 League T62"]
[Site "Internet Chess Club"]
[Date "2014.09.13"]
[Round "3"]
[White "junard"]
[Black "Agarnez"]
[Result "1-0"]
[WhiteElo "2054"]
[BlackElo "2007"]
[Opening "Trompowsky attack (Ruth, Opocenský opening)"]
[ECO "A45"]
[Time "20:10:03"]
[TimeControl "2700+45"]

1. d4 Nf6 2. Bg5 c5 3. d5 Qb6 4. Bc1 g6 5. Nc3 d6 6. e4 Bg7 7. Nf3 Bg4 8. Be2
Nbd7 9. O-O O-O 10. Kh1 Bxf3 11. Bxf3 a6 12. a4 Qc7 13. Be2 Ne5 14. f4 Ned7 15.
Be3 Rab8 16. a5 b5 17. axb6 Rxb6 18. Qd2 Rxb2 19. Rxa6 Rb4 20. Bd3 Nb6 21. Nb5
Qb7 22. Rxb6 Qxb6 23. Qxb4 cxb4 24. Bxb6 Rb8 25. Bd4 Nxe4 26. Bxg7 Kxg7 27. Nd4
Nf6 28. Bc4 Rc8 29. Bb3 Rc5 30. Rd1 Nxd5 31. Nf5+ gxf5 32. Rxd5 Rxd5 33. Bxd5 e6
34. Bb3 e5 35. fxe5 dxe5 36. Kg1 Kf6 37. Kf2 e4 38. Ke3 Ke5 39. Bxf7 f4+ 40. Ke2
Kd4 41. Bb3 Kc3 42. g3 f3+ 43. Ke3 f2 44. Kxf2 Kd2 45. Bc4 Kxc2 46. Ke3 {Black
resigns} 1-0

[Event "Team 45 45 League T62"]
[Site "Internet Chess Club"]
[Date "2014.09.13"]
[Round "3"]
[White "zachi"]
[Black "tamtu"]
[Result "0-1"]
[WhiteElo "1829"]
[BlackElo "2059"]
[Opening "Sicilian: closed"]
[ECO "B23"]
[Time "01:04:14"]
[TimeControl "2700+45"]

1. e4 c5 2. Nc3 e6 3. g3 a6 4. Bg2 Nc6 5. d3 b5 6. e5 Bb7 7. f4 Nh6 8. Ne4 Nf5
9. g4 d5 10. Ng3 Nh4 11. Qe2 c4 12. Nf3 cxd3 13. cxd3 Nxf3+ 14. Qxf3 Nd4 15. Qd1
Qb6 16. Bd2 Bc5 17. b4 Be7 18. Ne2 Nxe2 19. Kxe2 O-O 20. Be3 d4 21. Bxb7 Qxb7
22. Bd2 Qg2+ {White resigns} 0-1

[Event "Team 45 45 League T62"]
[Site "Internet Chess Club"]
[Date "2014.09.13"]
[Round "3"]
[White "JulianVerse"]
[Black "willhelm"]
[Result "1/2-1/2"]
[WhiteElo "1880"]
[BlackElo "1910"]
[Opening "Ruy Lopez: closed, Breyer, Borisenko variation"]
[ECO "C95"]
[Time "20:03:41"]
[TimeControl "2700+45"]

1. e4 e5 2. Nf3 Nc6 3. Bb5 a6 4. Ba4 Nf6 5. O-O Be7 6. Re1 b5 7. Bb3 d6 8. c3
O-O 9. h3 Nb8 10. d4 Nbd7 11. Nbd2 Bb7 12. a4 h6 13. Bc2 Re8 14. Nf1 Bf8 15. Ng3
g6 16. Qd3 c6 17. a5 Qc7 18. b4 c5 19. d5 cxb4 20. cxb4 Rac8 21. Bb1 Qc3 22. Bd2
Qxd3 23. Bxd3 Rc7 24. Nh2 Bg7 25. Nhf1 h5 26. Ne3 Bh6 27. Ngf1 Kh7 28. f3 h4 29.
Rac1 Rec8 30. Rxc7 Rxc7 31. Rc1 Rxc1 32. Bxc1 Nh5 33. Bb1 Nf4 34. Kf2 Kg7 35.
Bd2 Nf6 36. Ng4 Nxg4+ 37. fxg4 Bc8 38. Be3 Bg5 39. Nh2 {Game drawn by mutual
agreement} 1/2-1/2

[Event "Team 45 45 League T62"]
[Site "Internet Chess Club"]
[Date "2014.09.16"]
[Round "3"]
[White "backrankbrawler"]
[Black "chess09"]
[Result "0-1"]
[WhiteElo "1775"]
[BlackElo "1944"]
[Opening "QGD Slav defense"]
[ECO "D10"]
[Time "22:02:54"]
[TimeControl "2700+45"]

1. d4 d5 2. c4 c6 3. Nc3 Nf6 4. e3 g6 5. Nf3 Bg7 6. b3 O-O 7. Bb2 Qa5 8. Bd3 Na6
9. O-O h6 10. Qc2 Nb4 11. Qb1 Nxd3 12. Qxd3 Bf5 13. Qe2 Ne4 14. Nxe4 Bxe4 15.
Nd2 Bf5 16. Rfd1 Rfd8 17. g4 Be6 18. c5 Qc7 19. b4 Rf8 20. a4 f5 21. h3 fxg4 22.
hxg4 Rf7 23. Rf1 Raf8 24. f4 Qd7 25. g5 Bh3 26. Rf2 hxg5 27. b5 gxf4 28. exf4
Rxf4 {White resigns} 0-1

[Event "Team 45 45 League T62"]
[Site "Internet Chess Club"]
[Date "2014.09.16"]
[Round "3"]
[White "TerryMalloy"]
[Black "NFork"]
[Result "0-1"]
[WhiteElo "1859"]
[BlackElo "2202"]
[Opening "Pirc: Austrian attack, 6.Bd3"]
[ECO "B09"]
[Time "16:23:17"]
[TimeControl "2700+45"]

1. d4 d6 2. e4 Nf6 3. Nc3 g6 4. f4 Bg7 5. Nf3 O-O 6. Bd3 Nfd7 7. O-O c5 8. d5
Na6 9. Kh1 Nb4 10. Bc4 Nb6 11. Bb5 e6 12. a3 Na6 13. Be3 Nc7 14. Qd2 Bxc3 15.
bxc3 Nxb5 {White resigns} 0-1

[Event "Team 45 45 League T62"]
[Site "Internet Chess Club"]
[Date "2014.09.15"]
[Round "3"]
[White "fledermaus"]
[Black "Goli"]
[Result "1-0"]
[WhiteElo "1926"]
[BlackElo "1846"]
[Opening "King's Indian: 6.Be2"]
[ECO "E91"]
[Time "16:06:03"]
[TimeControl "2700+45"]

1. Nf3 Nf6 2. c4 g6 3. Nc3 Bg7 4. e4 d6 5. d4 O-O 6. Be2 Bg4 7. Be3 Nc6 8. d5
Bxf3 9. Bxf3 Ne5 10. Be2 c6 11. f4 Ned7 12. O-O cxd5 13. cxd5 a6 14. Rc1 Rc8 15.
Qd2 Nc5 16. Bf3 Qa5 17. Rb1 Qb4 18. Qd4 Qb6 19. b4 Nfxe4 20. Nxe4 Bxd4 21. Bxd4
Qa7 22. bxc5 dxc5 23. Bf2 b6 24. Rfc1 h6 25. a4 a5 26. Nc3 Qc7 27. Bg3 f5 28.
Re1 Rfe8 29. Re6 Kf7 30. Rexb6 Rb8 31. d6 exd6 32. Rb7 Rxb7 33. Rxb7 Qxb7 34.
Bxb7 Re3 35. Bd5+ Ke7 36. Nb5 Rd3 37. Bf3 Rb3 38. Kf2 Rb4 39. Bd1 Rb1 40. Ke1
Rb2 41. Bf2 Ke6 42. Nc3 Rb4 43. g3 g5 44. fxg5 hxg5 45. Kd2 f4 46. gxf4 gxf4 47.
Kd3 Ke5 48. h4 c4+ 49. Kc2 d5 50. Ne2 Rxa4 51. Bd4+ Kf5 52. Bc3 Kg4 53. Kb2 Rb4+
54. Bxb4 axb4 55. h5 Kxh5 56. Nxf4+ Kg5 57. Nxd5 Kf5 58. Nxb4 Ke4 59. Kc3 Ke5
60. Bf3 Kf4 61. Bd5 Ke5 62. Kxc4 Kf6 63. Kd4 Kf5 64. Be4+ Ke6 65. Nd5 Kd6 66.
Bf5 Kc6 67. Nc3 Kd6 68. Nb5+ Kc6 69. Kc4 Kb6 70. Kb4 Kc6 71. Be6 Kb6 72. Bd7 Ka6
73. Kc5 Ka5 74. Nd6 Ka6 75. Bb5+ Ka7 76. Kc6 Kb8 77. Kb6 Ka8 78. Bd7 Kb8 79. Ne4
Ka8 80. Nc5 Kb8 81. Na6+ Ka8 82. Bc6# {Black checkmated} 1-0

[Event "Team 45 45 League T62"]
[Site "Internet Chess Club"]
[Date "2014.09.14"]
[Round "3"]
[White "jt2000"]
[Black "SaltofLife"]
[Result "0-1"]
[WhiteElo "1934"]
[BlackElo "1935"]
[Opening "Giuoco Piano: LaBourdonnais variation"]
[ECO "C53"]
[Time "14:30:39"]
[TimeControl "2700+45"]

1. e4 e5 2. Nf3 Nc6 3. Bc4 Bc5 4. c3 d6 5. d4 exd4 6. cxd4 Bb6 7. h3 h6 8. O-O
Nf6 9. e5 dxe5 10. dxe5 Qxd1 11. Rxd1 Ne4 12. Re1 Bxf2+ 13. Kf1 Bxe1 14. Kxe1
O-O 15. b3 Re8 16. Bb2 Be6 17. Bd3 Nc5 18. Bc2 Bd5 19. Nbd2 f6 20. Bg6 Bf7 21.
Bf5 fxe5 22. Ba3 e4 {White resigns} 0-1

[Event "Team 45 45 League T62"]
[Site "Internet Chess Club"]
[Date "2014.09.14"]
[Round "3"]
[White "SlimeDog2"]
[Black "thecube"]
[Result "1-0"]
[WhiteElo "2036"]
[BlackElo "1839"]
[Opening "English opening"]
[ECO "A05"]
[Time "21:01:16"]
[TimeControl "2700+45"]

1. Nf3 Nf6 2. c4 g6 3. g3 Bg7 4. Bg2 d5 5. cxd5 Nxd5 6. d4 Nb6 7. Nc3 Nc6 8. Bf4
Nxd4 9. Nxd4 Bxd4 10. Nb5 e5 11. Nxc7+ Qxc7 12. Qxd4 exd4 13. Bxc7 O-O 14. O-O
Re8 15. Bf3 Nc4 16. Rfd1 Re7 17. Bf4 Ne5 18. Bg2 Nc6 19. Kf1 Bg4 20. Rd2 Rae8
21. Re1 f6 22. b4 Rd7 23. b5 Ne5 24. h3 Be6 25. g4 Bc4 26. a4 Bb3 27. Rb1 Bc4
28. Bxe5 fxe5 29. Rc2 Rc8 30. Be4 Rdd8 31. Bxb7 d3 32. Rd2 dxe2+ 33. Ke1 Rxd2
34. Kxd2 Rd8+ 35. Ke1 Rd3 36. Rc1 Rd4 37. Rxc4 Rd3 38. Kxe2 Rxh3 39. Bf3 h5 40.
gxh5 gxh5 41. Re4 Kf7 42. Rxe5 Rh4 43. Re4 Rh2 44. Kf1 {Black resigns} 1-0

[Event "Team 45 45 League T62"]
[Site "Internet Chess Club"]
[Date "2014.09.11"]
[Round "3"]
[White "Holzschlange"]
[Black "Schachteufel"]
[Result "1-0"]
[WhiteElo "1803"]
[BlackElo "1555"]
[Opening "English opening"]
[ECO "A05"]
[Time "11:00:32"]
[TimeControl "2700+45"]

1. Nf3 Nf6 2. c4 g6 3. g3 Bg7 4. Bg2 O-O 5. O-O d6 6. Nc3 e5 7. d3 a6 8. Rb1 Nc6
9. Bg5 h6 10. Bxf6 Bxf6 11. Nd5 Bg7 12. b4 Ne7 13. Nd2 Nxd5 14. Bxd5 c6 15. Bg2
h5 16. a4 d5 17. Qc2 Be6 18. b5 axb5 19. axb5 h4 20. Rfc1 hxg3 21. hxg3 Bh6 22.
e3 Qg5 23. Nf3 Qf6 24. Qb2 d4 25. Re1 dxe3 26. fxe3 Bg7 27. Nd2 Bd7 28. Ne4 Qe7
29. Qb4 Qxb4 30. Rxb4 Ra3 31. Nc5 Rd8 32. Nxb7 Re8 33. bxc6 Bc8 34. Nd6 Rd8 35.
Nxc8 Rxc8 36. Reb1 Rxd3 37. Rb8 Rxb8 38. Rxb8+ Bf8 39. c7 {Black resigns} 1-0

[Event "Team 45 45 League T62"]
[Site "Internet Chess Club"]
[Date "2014.09.14"]
[Round "3"]
[White "Salvatore"]
[Black "Warpdrive"]
[Result "1-0"]
[WhiteElo "1665"]
[BlackElo "1621"]
[Opening "Alekhine's defense: exchange variation"]
[ECO "B03"]
[Time "20:01:19"]
[TimeControl "2700+45"]

1. e4 Nf6 2. e5 Nd5 3. d4 d6 4. c4 Nb6 5. exd6 cxd6 6. Nc3 g6 7. Be3 Bg7 8. Rc1
O-O 9. b3 e5 10. dxe5 dxe5 11. Qxd8 Rxd8 12. c5 N6d7 13. Bc4 Nc6 14. Nf3 h6 15.
Ne4 Na5 16. Bd5 Nf6 17. Nxf6+ Bxf6 18. Rd1 g5 19. O-O Nc6 20. a3 Be6 21. Bxe6
fxe6 22. b4 a6 23. Nd2 Kf7 24. Nc4 Rxd1 25. Rxd1 Rd8 26. Rxd8 Nxd8 27. Nd6+ Ke7
28. Kf1 b6 29. Ke2 Kd7 30. Kd3 Be7 31. Ne4 b5 32. Nc3 Nc6 33. h3 Bf6 34. Ne4 Be7
35. Nc3 Bd8 36. Ke4 Be7 37. Bd2 Bf6 38. f3 Bg7 39. Nd1 Ne7 40. Bc3 Nc6 41. Nb2
Nd4 42. a4 Ne2 43. Be1 Nd4 44. axb5 axb5 45. Bc3 Nc6 46. Nd1 Nd4 47. Ne3 h5 48.
Kd3 Nc6 49. Nc2 Ne7 50. Ke4 Nc6 51. Na3 Nxb4 52. Bxb4 Kc6 53. Nb1 {Black
resigns} 1-0

[Event "Team 45 45 League T62"]
[Site "Internet Chess Club"]
[Date "2014.09.12"]
[Round "3"]
[White "DARKwizard1"]
[Black "tamtu"]
[Result "0-1"]
[WhiteElo "2048"]
[BlackElo "2052"]
[Opening "Queen's pawn game, Darooha variation "]
[ECO "D02"]
[Time "20:08:59"]
[TimeControl "2700+45"]

1. d4 d5 2. Nf3 Nf6 3. g3 Bf5 4. Nbd2 e6 5. Bg2 c5 6. O-O Nc6 7. e3 Be7 8. dxc5
Bxc5 9. Nb3 Be7 10. Nh4 Bg4 11. f3 Bh5 12. g4 Bg6 13. Nxg6 hxg6 14. g5 Nd7 15.
f4 Qc7 16. Nd4 O-O-O 17. c3 Nc5 18. Qc2 Bxg5 19. b4 Nd7 20. Nxc6 bxc6 21. fxg5
Qxh2+ 22. Kf2 Ne5 23. Qe2 Qh4+ 24. Kg1 Rh5 25. e4 Rdh8 26. Bf4 f6 27. exd5 exd5
28. Rae1 Kd8 29. Qa6 Qg4 30. Qa5+ Kc8 31. Qa6+ Kb8 32. Be3 Rh1+ 33. Kf2 Qf5+ 34.
Ke2 Qc2+ 35. Bd2 Rxf1 36. Rxf1 Nc4 {White resigns} 0-1

[Event "Team 45 45 League T62"]
[Site "Internet Chess Club"]
[Date "2014.09.14"]
[Round "3"]
[White "achessman"]
[Black "LittleButton"]
[Result "1-0"]
[WhiteElo "1904"]
[BlackElo "1909"]
[Opening "Sicilian: Alapin's variation (2.c3)"]
[ECO "B22"]
[Time "06:01:27"]
[TimeControl "2700+45"]

1. e4 c5 2. c3 Nf6 3. e5 Nd5 4. d4 cxd4 5. Nf3 Nc6 6. cxd4 d6 7. Bc4 Nb6 8. Bb5
dxe5 9. Nxe5 Bd7 10. Nxd7 Qxd7 11. Nc3 Rd8 12. Be3 e6 13. Qg4 f5 14. Qf3 Be7 15.
O-O-O O-O 16. d5 Nxd5 17. Nxd5 exd5 18. Bxa7 Qc7 19. Qc3 Bf6 20. Qc5 Qa5 21.
Bxc6 {Black resigns} 1-0

[Event "Team 45 45 League T62"]
[Site "Internet Chess Club"]
[Date "2014.09.12"]
[Round "3"]
[White "chessjav"]
[Black "ghostfire"]
[Result "1-0"]
[WhiteElo "1901"]
[BlackElo "1732"]
[Opening "Grünfeld: Russian, Szabo (Boleslavsky) variation"]
[ECO "D11"]
[Time "21:05:36"]
[TimeControl "2700+45"]

1. d4 d5 2. Nf3 Nf6 3. c4 c6 4. Qb3 dxc4 5. Qxc4 g6 6. Nc3 Bg7 7. e4 O-O 8. Be2
Nbd7 9. O-O Nb6 10. Qd3 Be6 11. b3 Rc8 12. Ba3 Bg4 13. Rfd1 Re8 14. Rac1 Bxf3
15. Bxf3 e5 16. d5 cxd5 17. exd5 Nbd7 18. d6 a6 19. Bxb7 Nc5 20. Bxc5 Rxc5 21.
b4 e4 22. Qxa6 e3 23. bxc5 exf2+ 24. Kh1 Ng4 25. d7 Re6 26. Qa8 Qxa8 27. Bxa8
Bf6 28. Nd5 Bd8 29. h3 Ne3 30. Nxe3 Rxe3 31. Bf3 Kg7 32. Rf1 Bh4 33. c6 Re1 34.
Rcxe1 fxe1=Q 35. Rxe1 {Black resigns} 1-0

[Event "Team 45 45 League T62"]
[Site "Internet Chess Club"]
[Date "2014.09.10"]
[Round "3"]
[White "Frankly"]
[Black "idjit"]
[Result "1-0"]
[WhiteElo "1786"]
[BlackElo "1573"]
[Opening "Nimzo-Indian: 4.e3 O-O, 5.Bd3 d5"]
[ECO "E48"]
[Time "15:01:54"]
[TimeControl "2700+45"]

1. d4 Nf6 2. c4 e6 3. Nc3 Bb4 4. e3 O-O 5. Bd3 d5 6. Ne2 c5 7. O-O cxd4 8. exd4
dxc4 9. Bxc4 Qc7 10. Qb3 Nc6 11. Bf4 Bd6 12. Nb5 Na5 13. Nxc7 Nxb3 14. Bxd6 Nxa1
15. Bxf8 Rb8 16. Bd6 Ne4 17. Rxa1 Nxd6 18. Rc1 Nxc4 19. Rxc4 Bd7 20. Rc1 Kf8 21.
d5 Ke7 22. Rd1 {Black resigns} 1-0

[Event "Team 45 45 League T62"]
[Site "Internet Chess Club"]
[Date "2014.09.13"]
[Round "3"]
[White "kavinkvels"]
[Black "GregoryViking"]
[Result "1-0"]
[WhiteElo "1599"]
[BlackElo "1565"]
[Opening "Sicilian: Scheveningen variation"]
[ECO "B80"]
[Time "08:19:43"]
[TimeControl "2700+45"]

1. e4 c5 2. Nf3 d6 3. d4 cxd4 4. Nxd4 Nf6 5. Nc3 e6 6. Bd3 Be7 7. O-O O-O 8. f4
Nc6 9. Nxc6 bxc6 10. e5 dxe5 11. fxe5 Nd5 12. Nxd5 cxd5 13. Qh5 g6 14. Qh6 Bb7
15. Rf3 f5 16. exf6 Bxf6 17. Bxg6 hxg6 18. Qxg6+ Bg7 19. Qxe6+ Kh7 20. Rh3+ Bh6
21. Rxh6+ {Black resigns} 1-0

[Event "Team 45 45 League T62"]
[Site "Internet Chess Club"]
[Date "2014.09.13"]
[Round "3"]
[White "BotanicalKnight"]
[Black "rkaebi"]
[Result "0-1"]
[WhiteElo "1489"]
[BlackElo "1438"]
[Opening "Caro-Kann defense"]
[ECO "B10"]
[Time "12:00:39"]
[TimeControl "2700+45"]

1. e4 c6 2. f4 d5 3. e5 f6 4. exf6 Nxf6 5. g3 Qb6 6. Bg2 e6 7. Nc3 Bc5 8. Nf3
Bf2+ 9. Kf1 Bc5 10. Na4 Qb5+ 11. Qe2 Qxa4 12. d4 Bb6 13. b3 Qa6 14. c4 Bd7 15.
f5 Ne4 16. fxe6 Bc8 17. Ng5 O-O+ 18. Nf7 Bxe6 19. Bxe4 {White resigns} 0-1

[Event "Team 45 45 League T62"]
[Site "Internet Chess Club"]
[Date "2014.09.14"]
[Round "3"]
[White "pcvan"]
[Black "Just-Jim"]
[Result "1-0"]
[WhiteElo "1540"]
[BlackElo "1293"]
[Opening "Philidor: Philidor counter-gambit"]
[ECO "C41"]
[Time "17:00:22"]
[TimeControl "2700+45"]

1. e4 e5 2. Nf3 d6 3. d4 f5 4. exf5 e4 5. Ng5 Bxf5 6. Nc3 Nf6 7. Bc4 d5 8. Bb3
h6 9. Nh3 c6 10. Nf4 Bd6 11. Qe2 Nbd7 12. Bd2 Qc7 13. Nh5 O-O 14. Ng3 Bxg3 15.
hxg3 Bg4 16. Qf1 Nh5 17. Rh4 Nxg3 18. Qg1 Be6 19. Qh2 Rf6 20. Qxg3 Qxg3 21. fxg3
Raf8 22. O-O-O Rg6 23. Bf4 Nf6 24. Bd6 Rf7 25. Rf4 e3 26. Re1 Ng4 27. Rxf7 Bxf7
28. Bf4 Re6 29. Nd1 e2 30. Nc3 g5 31. Bb8 Bh5 32. Rxe2 Rxe2 33. Nxe2 Ne3 34. Nc3
Bg4 35. Kd2 Nxg2 36. Nxd5 Bf3 37. Ne3+ Kh7 38. Nxg2 Bxg2 39. Bxa7 h5 40. Ke3 Kh6
41. Kf2 Be4 42. c4 Bf5 43. d5 cxd5 44. cxd5 h4 45. Kg2 h3+ 46. Kh2 g4 47. Ba4
Kg7 48. d6 Kf7 49. Bb6 Be4 50. d7 Bc6 51. Bxc6 bxc6 52. d8=Q {Black resigns} 1-0

[Event "Team 45 45 League T62"]
[Site "Internet Chess Club"]
[Date "2014.09.12"]
[Round "3"]
[White "kingsrook"]
[Black "guyd52"]
[Result "1-0"]
[WhiteElo "1315"]
[BlackElo "1323"]
[Opening "QGD Slav defense"]
[ECO "D10"]
[Time "19:30:12"]
[TimeControl "2700+45"]

1. d4 d5 2. c4 c6 3. Nc3 Nf6 4. e3 g6 5. Nf3 Bg7 6. Be2 O-O 7. O-O Bf5 8. Nh4
Qc8 9. Nxf5 Qxf5 10. cxd5 cxd5 11. Bd3 Qc8 12. h3 Nbd7 13. Bd2 a6 14. Rc1 b5 15.
Nxd5 Qb7 16. Nxe7+ Kh8 17. Nc6 Nb6 18. b3 Nbd5 19. Qf3 Rfe8 20. e4 Nb6 21. e5
Nfd5 22. Rfe1 Re6 23. Be4 Qd7 24. Nb4 Rd8 25. Nxd5 Nxd5 26. Rc5 Nc7 27. Be3 Bf8
28. Bc6 Qc8 29. Rc2 Bb4 30. Rd1 Kg8 31. Qf4 a5 32. Qh6 Bf8 33. Qf4 b4 34. Rdc1
Qb8 35. Qf3 h6 36. Rc5 Bxc5 37. Rxc5 Kg7 38. Rxa5 Qb6 39. Rc5 Na6 40. Rc2 Rf8
41. d5 Qd8 42. dxe6 fxe6 43. Qe2 Qh4 44. Qxa6 Qh5 45. Qb7+ Kg8 46. Bf3 Qxe5 47.
Qe4 Qf6 48. Bxh6 Rd8 49. Qf4 Qa1+ 50. Qc1 Qe5 51. Re2 Qf6 52. Bg5 Qf8 53. Bxd8
Qxd8 54. Rxe6 Kf7 55. Bg4 Qa5 56. Qf4+ Kg8 57. Re7 Qb6 58. Qf7+ Kh8 59. Qf8#
{Black checkmated} 1-0

[Event "Team 45 45 League T62"]
[Site "Internet Chess Club"]
[Date "2014.09.10"]
[Round "3"]
[White "Mitochondria"]
[Black "unclevinny"]
[Result "1-0"]
[WhiteElo "1528"]
[BlackElo "1508"]
[Opening "QGD semi-Slav: Meran variation"]
[ECO "D47"]
[Time "22:00:34"]
[TimeControl "2700+45"]

1. d4 d5 2. c4 c6 3. Nf3 Nf6 4. Nc3 e6 5. e3 Nbd7 6. Bd3 dxc4 7. Bxc4 b5 8. Bd3
Be7 9. O-O O-O 10. Qc2 h6 11. e4 Nh7 12. e5 Ng5 13. Nxg5 Bxg5 14. Bxg5 Qxg5 15.
Ne4 Qd8 16. Qxc6 Nb6 17. Qd6 a6 18. Rac1 Ra7 19. Qxd8 Rxd8 20. Nd6 Bd7 21. Rc2
Nc8 22. Nxc8 Rxc8 23. Rfc1 Rxc2 24. Rxc2 Kf8 25. g4 Ke7 26. Be4 Kd8 27. h3 Rc7
28. Rxc7 Kxc7 29. d5 exd5 30. Bxd5 Be6 31. Bxe6 fxe6 32. f4 g6 33. Kf2 Kc6 34.
Ke3 Kd5 35. h4 a5 36. a3 h5 37. gxh5 gxh5 38. Kd3 b4 39. axb4 axb4 40. b3 Kc5
41. Ke4 Kc6 42. f5 exf5+ 43. Kxf5 Kd7 44. Kf6 Ke8 45. Ke6 {Black resigns} 1-0